 Dungeon Crawl Stone Soup version 0.27.1-34-g3ba077fa99 (webtiles) character file.

Game seed: 7943344332512859010

133 Kaptain the Digger (level 5, -1/29 HPs)
             Began as a Gargoyle Earth Elementalist on Jan 25, 2022.
             Slain by a steam dragon (2 damage)
             ... on level 3 of the Dungeon.
             The game lasted 00:05:31 (2523 turns).

Kaptain the Digger (Gargoyle Earth Elementalist)    Turns: 2523, Time: 00:05:32

Health: -1/29      AC:  7    Str: 12    XL:     5   Next: 16%
Magic:  0/9        EV: 11    Int: 16    God:
Gold:   122        SH:  0    Dex: 10    Spells: 6/10 levels left

rFire    + . .     SeeInvis .   h - +0 falchion
rCold    . . .     Faith    .   (no shield)
rNeg     + . .     Spirit   .   f - +0 leather armour {rF+}
rPois    ∞         Reflect  .   (no helmet)
rElec    +         Harm     .   (no cloak)
rCorr    .         Rampage  .   (no gloves)
Will     .....                  (no boots)
Stlth    ++........             (no amulet)
HPRegen  0.09/turn              (no ring)
MPRegen  0.11/turn              (no ring)

@: no status effects
A: sickness immunity, AC +4, negative energy resistance 1, electricity
resistance, torment resistance 1, petrification resistance
a: no special abilities


You were on level 3 of the Dungeon.
You visited 1 branch of the dungeon, and saw 3 of its levels.

You collected 122 gold pieces.

Inventory:

Hand Weapons
 d - a +0 short sword
 h - a +0 falchion (weapon)
Missiles
 c - 4 stones
Armour
 f - a +0 leather armour of fire resistance (worn)
Jewellery
 g - a +6 ring of intelligence
Scrolls
 i - a scroll of identify
Potions
 a - a potion of lignification
 b - a potion of attraction {unknown}
 e - a potion of curing {unknown}
 j - a potion of heal wounds {unknown}
 k - a potion of resistance {unknown}
 l - a potion of magic {unknown}
 m - a potion of brilliance {unknown}


   Skills:
 + Level 1.5 Fighting
 + Level 1.3 Armour
 + Level 2.0 Dodging
 + Level 2.8 Stealth
 * Level 3.0 Spellcasting
 - Level 0.7 Transmutations
 * Level 4.7 Earth Magic


You had 6 spell levels left.
You knew the following spells:

 Your Spells              Type           Power      Damage    Failure   Level
a - Sandblast             Erth           34%        2d9       3%          1
b - Stone Arrow           Conj/Erth      18%        3d8       26%         3

Your spell library contained the following spells:

 Spells                   Type           Power      Damage    Failure   Level
 Passwall                 Tmut/Erth      9%         N/A       12%         2
 Gell's Gravitas          Tloc           1%         N/A       56%         3
 Lesser Beckoning         Tloc           1%         N/A       56%         3
 Swiftness                Air            2%         N/A       56%         3
 Teleport Other           Tloc           2%         N/A       56%         3
 Petrify                  Tmut/Erth      11%        N/A       61%         4
 Invisibility             Hex            1%         N/A       100%        6


Dungeon Overview and Level Annotations

Branches:
Dungeon (3/15)

Altars:
Kikubaaqudgha

Annotations:
D:3 2 runed translucent doors, glosham's ghost, amateur DjAM


Innate Abilities, Weirdness & Mutations

You are immune to sickness and miasma.
Your stone body is resilient. (AC +4)
You are immune to poison.
You resist negative energy. (rN+)
You are resistant to electric shocks. (rElec)
You are resistant to unholy torment.
You are immune to petrification.


Message History

The steam dragon is severely wounded.
The steam dragon barely misses you. The steam dragon closely misses you.
Unknown command.
Casting: Sandblast (safe; 3% risk of failure)
Confirm with . or Enter, or press ? or * to list all spells.
Aiming: Sandblast (safe; 3% risk of failure)
Press: ? - help, Shift-Dir - straight line, f/p - steam dragon
Aim: a steam dragon (severely wounded, 79% to hit)
The blast of sand misses the steam dragon.
The steam dragon barely misses you. The steam dragon completely misses you.
Unknown command.
Casting: Sandblast (safe; 3% risk of failure)
Confirm with . or Enter, or press ? or * to list all spells.
Aiming: Sandblast (safe; 3% risk of failure)
Press: ? - help, Shift-Dir - straight line, f/p - steam dragon
Aim: a steam dragon (severely wounded, 79% to hit)
The blast of sand hits the steam dragon but does no damage.
The steam dragon is severely wounded.
The steam dragon bites you.
* * * LOW HITPOINT WARNING * * *
The steam dragon claws you but does no damage.
Casting: Sandblast (safe; 3% risk of failure)
Confirm with . or Enter, or press ? or * to list all spells.
Aiming: Sandblast (safe; 3% risk of failure)
Press: ? - help, Shift-Dir - straight line, f/p - steam dragon
Aim: a steam dragon (severely wounded, 79% to hit)
The blast of sand hits the steam dragon.
The steam dragon is severely wounded.
The steam dragon bites you.
* * * LOW HITPOINT WARNING * * *
The steam dragon claws you but does no damage.
Okay, then.
Your leather armour prevents you from hitting the steam dragon.
The steam dragon is severely wounded.
The steam dragon breathes steam at you. The ball of steam misses you.
The steam dragon bites you.
* * * LOW HITPOINT WARNING * * *
The steam dragon claws you.
You die...

...# ..............
...# .#.##.#.####.#
...# #.# #.#.####.#
...# .^. ..........
#..# #######.#
##.#.####.# # .#
#.....#.# #.#.# #.# #
.# #.....#.#
#.#.####.# # #
#....)#.# #.#.##...#
#
#...@D#.####.#.#....#
#
+...§.'........##+##.
#
#..§..#.####.#.#≈≈W##
+.§§..+........#≈≈≈#.
#§....######...#≈≈≈##
####### #...#≈wr#
#...#≈)≈# #...#≈≈≈#
#...#≈≈≈#


You could see a steam dragon.

Vanquished Creatures
  An orc priest (D:3)
  Jessica (D:2)
  2 adders (D:2)
  A worm (D:2)
  3 orcs (D:3)
  7 ball pythons
  6 bats
  7 endoplasms
  A giant cockroach (D:2)
  3 goblins
  3 hobgoblins
  4 jackals (D:1)
  2 quokkas
  4 frilled lizards
  6 kobolds
  5 rats
56 creatures vanquished.

Vanquished Creatures (others)
  A fungus (D:1)
1 creature vanquished.

Grand Total: 57 creatures vanquished

Notes
Turn   | Place    | Note
-------+----------+-------------------------------------------
     0 | D:1      | Kaptain the Gargoyle Earth Elementalist began the quest for
                  | the Orb.
     0 | D:1      | Reached XP level 1. HP: 10/10 MP: 3/3
   184 | D:1      | Found a faded altar of an unknown god.
   214 | D:1      | Reached XP level 2. HP: 16/16 MP: 3/5
   444 | D:1      | Reached skill level 4 in Earth Magic
   672 | D:1      | Reached XP level 3. HP: 20/20 MP: 6/6
   676 | D:1      | Learned a level 3 spell: Stone Arrow
  1234 | D:2      | Reached skill level 1 in Armour
  1357 | D:2      | Reached skill level 1 in Fighting
  1393 | D:2      | Reached XP level 4. HP: 25/25 MP: 2/7
  1450 | D:2      | Noticed Jessica
  1454 | D:2      | Killed Jessica
  2204 | D:3      | Found an ancient bone altar of Kikubaaqudgha.
  2330 | D:3      | Found a runed translucent door.
  2337 | D:3      | Noticed glosham's ghost (amateur DjAM)
  2338 | D:3      | Noticed a bullfrog
  2378 | D:3      | Found a runed translucent door.
  2407 | D:3      | Reached XP level 5. HP: 29/29 MP: 2/9
  2508 | D:3      | Noticed a steam dragon
  2523 | D:3      | HP: 1/29 [steam dragon (4)]
  2523 | D:3      | Slain by a steam dragon

Illustrated notes

Levels and vault maps discovered:
D:1:      dpeg_arrival_simpleton_c, layout_basic,
          shapermc_ecumenical_altar_mp_ritualfount, minmay_tetromino_s4
D:2:      layout_loops_corners, chequers_serial_rivers_micro_c,
          minmay_hedge_maze, uniq_jessica
D:3:      minmay_goblin_kobold_castle, layout_basic, jmf_multi_god_temple,
          kiku_gazebo_pond_becter, ebering_ghost_sewer_f,
          kennysheep_generic_room_3

Skill      XL: |  1  2  3  4 |
---------------+-------------+-----
Earth Magic    | 4 |  4.7
Armour         | 1 |  1.3
Fighting       | 1 |  1.5
Dodging        | 2 |  2.0
Spellcasting   | 3 |  3.0
Stealth        | |  2.8
Transmutations | |  0.7

Action                   |  1- 3 |  4- 6 || total
-------------------------+-------+-------++-------
Melee: Short sword       |     8 |       ||     8
       Falchion          |       |    18 ||    18
 Cast: Sandblast         |    50 |    30 ||    80
  Use: Scroll            |     2 |       ||     2
 Stab: Sleeping          |       |     1 ||     1
Armor: Robe              |     4 |       ||     4
       Leather armour    |     6 |    14 ||    20
Dodge: Dodged            |    13 |    24 ||    37
       Rpst.: Falchion   |       |     6 ||     6
